 Dungeon Crawl Stone Soup version 0.29.0-4-gdea44cf6ec (webtiles) character file.

Game seed: 8908461389294336632

64 qw the Chopper (level 4, -4/26 HPs)
             Began as a Tengu Warper on Aug 28, 2022.
             Slain by an orc
             ... wielding a +0 flail
              (7 damage)
             ... on level 3 of the Dungeon.
             The game lasted 00:00:13 (3409 turns).

qw the Chopper (Tengu Warper)                       Turns: 3409, Time: 00:00:13

Health: -4/26      AC:  3    Str: 13    XL:     4   Next: 12%
Magic:  8/8        EV: 12    Int: 13    God:
Gold:   155        SH:  0    Dex: 14    Spells: 7/7 levels left

rFire   . . .      SeeInvis .   Y - +0 hand axe
rCold   . . .      Faith    .   (no shield)
rNeg    . . .      Spirit   .   b - +0 leather armour
rPois   .          Reflect  .   (helmet restricted)
rElec   .          Harm     .   (no cloak)
rCorr   .          Rampage  .   (no gloves)
Will    .....                   (boots unavailable)
Stlth   +.........              (no amulet)
HPRegen 0.08/turn               (no ring)
MPRegen 0.11/turn               (no ring)

@: no status effects
A: beak, talons 3
a: no special abilities


You were on level 3 of the Dungeon.
You visited 1 branch of the dungeon, and saw 3 of its levels.

You collected 155 gold pieces.


Innate Abilities, Weirdness & Mutations

You have a beak for a mouth.
You have claws for feet.


   Skills:
 - Level 2.0 Fighting
 + Level 4.7 Axes
 - Level 1.0 Throwing
 - Level 1.1 Armour
 - Level 2.1 Dodging
 - Level 2.0 Spellcasting
 - Level 2.4 Translocations


You had 7 spell levels left.
You didn't know any spells.
Your spell library contained the following spells:

 Spells                   Type           Power      Damage    Failure   Level
 Blink                    Tloc           14%        N/A       19%         2
 Gell's Gravitas          Tloc           7%         N/A       36%         3
 Lesser Beckoning         Tloc           7%         N/A       36%         3
 Teleport Other           Tloc           7%         N/A       36%         3
 Manifold Assault         Tloc           7%         N/A       98%         5

Inventory:

Hand Weapons
 h - a +0 flail
 Y - a +0 hand axe (weapon)
Armour
 b - a +0 leather armour (worn)
 i - a +0 cloak
Scrolls
 a - a scroll of identify
 c - a scroll of fear {unknown}
 f - a scroll of teleportation
 l - a scroll of vulnerability {unknown}
Potions
 d - a potion of degeneration {unknown}
 e - a potion of ambrosia {unknown}
 g - 2 potions of curing {unknown}
 j - a potion of heal wounds {unknown}
 k - 2 potions of mutation {unknown}

Dungeon Overview and Level Annotations

Branches:
Dungeon (3/15)

Altars:


Message History

The goblin shouts!
You closely miss the goblin. Your kick misses the goblin.
The goblin hits you with a +0 club.
You closely miss the goblin. The goblin hits you with a +0 club. x2
You miss the goblin. Your kick misses the goblin. The goblin barely misses you.
You hit the goblin.
You kill the goblin!
You start resting.
HP restored.
d - a sapphire potion
Found a stone staircase leading down.
i - a +0 cloak
Enter note:
j - a brown potion
k - 2 murky ruby potions A rat comes into view.
The rat twitches its whiskers.
You barely miss the rat. The rat closely misses you.
You hit the rat. Your kick misses the rat. You peck the rat.
You kill the rat!
l - a scroll labelled SUB FACVUMOQE An orc comes into view.
It is wielding a +0 flail.
The orc shouts!
Enter note: An orc comes into view. It is wielding a +0 club.
An orc priest comes into view. It is wielding a +0 morningstar.
The orc shouts!
The orc priest shouts!
A rat comes into view.
The orc priest calls down the wrath of Beogh upon you.
Beogh smites you!
3406 ||| FLEEEEING.
3407 ||| FLEEEEING.
3408 ||| FLEEEEING.
A ball python comes into view.
The orc priest calls down the wrath of Beogh upon you.
Beogh smites you! The orc hits you with a +0 flail!
You die...

.............##.....
#.........>.......
#...........#.....
#..........##.....
#############......##.....
....#.....###.####........
...........#..# ####.....
.............## ##....
........o@..## ##...
..S.o.o.....# ##..
............# #..
............# #.
............# #
...........## ....#..r..##
..####..### #. # # ##..
#..#


You could see an orc priest, 2 orcs, a ball python (wandering) and a rat.

Vanquished Creatures
  2 adders
  A worm (D:2)
  4 dart slugs
  4 bats
  3 endoplasms
  A giant cockroach (D:3)
  5 goblins
  2 hobgoblins (D:1)
  3 quokkas
  3 ball pythons
  4 kobolds
  3 rats
35 creatures vanquished.

Notes
Turn   | Place    | Note
-------+----------+-------------------------------------------
     0 | D:1      | qw the Tengu Warper began the quest for the Orb.
     0 | D:1      | Reached XP level 1. HP: 12/12 MP: 4/4
     0 | D:1      | 0 ||| qw: Version: 0.1-a-89-g26bdef1
     0 | D:1      | 0 ||| qw: Game counter: 1538
     0 | D:1      | 0 ||| qw: Always use a shield: true
     0 | D:1      | 0 ||| qw: God list: Okawaru
     0 | D:1      | 0 ||| qw: Allow faded altars: false
     0 | D:1      | 0 ||| qw: Do Orc after D:15 true
     0 | D:1      | 0 ||| qw: Do second Lair branch before Depths: true
     0 | D:1      | 0 ||| qw: Lair rune preference: random
     0 | D:1      | 0 ||| qw: Plans: Normal
     0 | D:1      | 0 ||| PLANNING D:1-11
   277 | D:1      | 277 ||| Stepping ~*~*~tactically~*~*~ (hiding).
   379 | D:1      | 379 ||| Stepping ~*~*~tactically~*~*~ (hiding).
   381 | D:1      | 381 ||| Stepping ~*~*~tactically~*~*~ (hiding).
   389 | D:1      | Reached skill level 3 in Axes
   389 | D:1      | Reached XP level 2. HP: 17/17 MP: 6/6
  1181 | D:1      | 1181 ||| READING 2 scrolls labelled SAUNGI GOTEFU.
  1182 | D:1      | 1182 ||| READING scroll labelled YNKEEM ZAFUEXEPN.
  1183 | D:1      | 1183 ||| READING scroll labelled GIABIL EFIOPA.
  1184 | D:1      | 1184 ||| READING 2 scrolls labelled JOMO HABBO.
  1187 | D:1      | 1187 ||| READING scroll labelled VOC DUETOADE.
  1188 | D:1      | 1188 ||| DRINKING 2 bubbling grey potions.
  1189 | D:1      | 1189 ||| DROPPING scroll of blinking.
  1190 | D:1      | 1190 ||| DROPPING potion of flight.
  1191 | D:1      | 1191 ||| READING scroll of teleportation.
  1240 | D:2      | Found a faded altar of an unknown god.
  1253 | D:2      | 1253 ||| Stepping ~*~*~tactically~*~*~ (stealth).
  1362 | D:2      | 1362 ||| Stepping ~*~*~tactically~*~*~ (stealth).
  1441 | D:2      | Reached XP level 3. HP: 20/21 MP: 7/7
  1789 | D:2      | 1789 ||| DROPPING +0 club.
  1797 | D:2      | Reached skill level 4 in Axes
  2378 | D:2      | 2378 ||| READING scroll labelled BIPSELYFIW.
  2519 | D:3      | Reached XP level 4. HP: 26/26 MP: 8/8
  2524 | D:3      | 2524 ||| Stepping ~*~*~tactically~*~*~ (hiding).
  2533 | D:3      | 2533 ||| Stepping ~*~*~tactically~*~*~ (hiding).
  2635 | D:3      | 2635 ||| Stepping ~*~*~tactically~*~*~ (hiding).
  2737 | D:3      | 2737 ||| Stepping ~*~*~tactically~*~*~ (hiding).
  2839 | D:3      | 2839 ||| Stepping ~*~*~tactically~*~*~ (hiding).
  2941 | D:3      | 2941 ||| Stepping ~*~*~tactically~*~*~ (hiding).
  3043 | D:3      | 3043 ||| Stepping ~*~*~tactically~*~*~ (hiding).
  3145 | D:3      | 3145 ||| Stepping ~*~*~tactically~*~*~ (hiding).
  3148 | D:3      | 3148 ||| Stepping ~*~*~tactically~*~*~ (hiding).
  3406 | D:3      | 3406 ||| FLEEEEING.
  3407 | D:3      | 3407 ||| FLEEEEING.
  3408 | D:3      | 3408 ||| FLEEEEING.
  3409 | D:3      | HP: 3/26 [orc priest/divine providence (12)]
  3409 | D:3      | Slain by an orc

Levels and vault maps discovered:
D:1:      saegor_arrival_fortress, layout_basic
D:2:      layout_basic, hellmonk_ecumenical_altar_blasted
D:3:      layout_rooms, uniq_natasha

Skill      XL: |  1  2  3 |
---------------+----------+-----
Axes           | 3 4 |  4.7
Fighting       | |  2.0
Throwing       | |  1.0
Armour         | |  1.1
Dodging        | |  2.1
Spellcasting   | |  2.0
Translocations | |  2.4

Action                   |  1- 3 |  4- 6 || total
-------------------------+-------+-------++-------
Melee: Hand axe          |    64 |     9 ||    73
       Kick              |    16 |     1 ||    17
       Punch             |     1 |       ||     1
       Peck              |     6 |     2 ||     8
Throw: Boomerang         |     7 |       ||     7
  Use: Scroll            |     7 |       ||     7
       Potion            |     1 |       ||     1
 Stab: Sleeping          |     1 |       ||     1
Armor: Leather armour    |    14 |       ||    14
Dodge: Dodged            |    47 |     3 ||    50

Table legend:
 A = Non-vault XP
 B = Vault XP
 C = Vault XP percentage of total XP
 D = Non-vault monster count
 E = Vault monster count
 F = Vault count percentage of total count
                 A         B        C        D         E       F
            +---------+---------+-------+---------+---------+-------
      Total |      92 |       0 |   0.0 |      35 |       0 |   0.0
            +---------+---------+-------+---------+---------+-------
        D:1 |      23 |       0 |   0.0 |      13 |       0 |   0.0
        D:2 |      41 |       0 |   0.0 |      14 |       0 |   0.0
        D:3 |      28 |       0 |   0.0 |       8 |       0 |   0.0
            +---------+---------+-------+---------+---------+-------
